 Dungeon Crawl Stone Soup version 0.28.0-45-g0d030f2227 (webtiles) character file.

Game seed: 1904109725474273260

468 Ablot the Cutter (level 7, -3/70 HPs)
             Began as a Gnoll Chaos Knight on Apr 13, 2022.
             Was a Plaything of Xom.
             Slain by an orc warrior
             ... wielding a +0 halberd
              (19 damage)
             ... on level 4 of the Dungeon.
             The game lasted 00:07:15 (3795 turns).

Ablot the Cutter (Gnoll Chaos Knight)               Turns: 3795, Time: 00:07:16

Health: -3/70      AC:  6    Str: 13    XL:     7   Next: 8%
Magic:  10/10      EV: 13    Int: 11    God:    Xom [....*.]
Gold:   166        SH:  0    Dex: 12    Spells: 10/10 levels left

rFire   . . .      SeeInvis .   a - +0 short sword (chaos)
rCold   + + .      Faith    .   (no shield)
rNeg    + . .      Spirit   .   m - +2 robe {rN+}
rPois   .          Reflect  .   (no helmet)
rElec   .          Harm     .   (no cloak)
rCorr   .          Rampage  .   (no gloves)
Will    +....      Clarity  +   (no boots)
Stlth   ++........              (no amulet)
HPRegen 0.21/turn               s - ring of willpower
MPRegen 0.12/turn               (no ring)

@: no status effects
A: fangs 1, strong nose, distributed training, iridescent scales 1, clarity,
cold resistance 2, robust 2, wild magic 3
a: Renounce Religion


You were on level 4 of the Dungeon.
You worshipped Xom.
You were a beloved toy of Xom.
You visited 1 branch of the dungeon, and saw 4 of its levels.

You collected 166 gold pieces.

Inventory:

Hand Weapons
 a - a +0 short sword of chaos (weapon)
 v - the +6 rapier "Demire" {vorpal, *Corrode Int+3}
   (You found it on level 4 of the Dungeon)

   It inflicts extra damage upon your enemies.
   Int:       It affects your intelligence (+3).
   *Corrode:  It may corrode you when you take damage.
Missiles
 d - 45 sling bullets
 h - 58 arrows
 i - 95 bolts
 n - 56 stones
 o - 7 boomerangs
 u - 5 poisoned darts (quivered)
Armour
 m - a +2 robe of positive energy (worn)
 p - an orb of energy
 q - a +2 chain mail of fire resistance
Jewellery
 s - a ring of willpower (left hand)
Wands
 j - a wand of polymorph (4)
Scrolls
 c - 7 scrolls of identify
 e - a scroll of blinking {unknown}
 f - 2 scrolls of teleportation {unknown}
 r - a scroll of fog {unknown}
Potions
 b - 2 potions of mutation
 g - a potion of brilliance {unknown}
 k - a potion of heal wounds {unknown}
 l - 3 potions of curing
 t - a potion of flight {unknown}
 w - a potion of might {unknown}


   Skills:
 + Level 6.9 Fighting
 + Level 6.9 Short Blades
 + Level 2.2 Long Blades
 + Level 2.2 Axes
 + Level 2.2 Maces & Flails
 + Level 2.2 Polearms
 + Level 2.2 Staves
 + Level 2.2 Slings
 + Level 2.2 Bows
 + Level 2.2 Crossbows
 + Level 2.2 Throwing
 + Level 5.1 Armour
 + Level 3.4 Dodging
 + Level 2.2 Stealth
 + Level 2.2 Shields
 + Level 2.2 Unarmed Combat
 + Level 2.2 Spellcasting
 + Level 1.8 Conjurations
 + Level 1.8 Hexes
 + Level 1.8 Summonings
 + Level 1.8 Necromancy
 + Level 1.8 Translocations
 + Level 1.8 Transmutations
 + Level 1.8 Fire Magic
 + Level 1.8 Ice Magic
 + Level 1.8 Air Magic
 + Level 1.8 Earth Magic
 + Level 1.8 Poison Magic
 + Level 2.5 Invocations
 + Level 2.2 Evocations


You had 10 spell levels left.
You didn't know any spells.
Your spell library contained the following spells:

 Spells                   Type           Power      Damage    Failure   Level
 Pain                     Necr           40%        1d6       34%         1
 Tukima's Dance           Hex            10%        N/A       63%         3
 Anguish                  Hex/Necr       5%         N/A       93%         4
 Agony                    Necr           10%        N/A       99%         5
 Excruciating Wounds      Necr           5%         N/A       99%         5
 Enfeeble                 Hex            5%         N/A       100%        7


Dungeon Overview and Level Annotations

Branches:
Dungeon (4/15)
 Temple: D:4-7

Altars:

Shops:
D:1 =


Innate Abilities, Weirdness & Mutations

You have very sharp teeth.
Your uncanny sense of smell can sniff out nearby items.
Your experience applies equally to all skills.
You are partially covered in iridescent scales. (AC +2)
You possess an exceptional clarity of mind.
Your flesh is very cold resistant. (rC++)
You are very robust. (+20% HP)
Your spells are much harder to cast, but much more powerful.


Message History

Aim: an orc warrior, wielding a +0 halberd and wearing a +0 plate armour (62% to hit)
You throw a poisoned dart. The poisoned dart hits the orc warrior.
The orc warrior is poisoned.
The orc closely misses you. The orc warrior misses you.
Throw: 7 darts (poison)
Press: ? - help, Q - select action, (/) - cycle Shift-Dir - straight line, f/p - orc warrior
Aim: an orc warrior, wielding a +0 halberd and wearing a +0 plate armour (lightly wounded, poisoned, 62% to hit)
You throw a poisoned dart. The poisoned dart hits the orc warrior.
The orc warrior looks even sicker.
The orc warrior is lightly wounded.
The orc misses you.
The orc warrior hits you from afar with a +0 halberd.
Throw: 6 darts (poison)
Press: ? - help, Q - select action, (/) - cycle Shift-Dir - straight line, f/p - orc warrior
Aim: an orc warrior, wielding a +0 halberd and wearing a +0 plate armour (lightly wounded, very poisoned, 62% to hit)
You throw a poisoned dart. The poisoned dart hits the orc warrior.
The orc warrior looks even sicker.
The orc warrior is lightly wounded.
Xom guffaws.
The orc warrior flies into a frenzy!
The orc priest flies into a frenzy!
The orc flies into a frenzy! x2; The orc hits you with a +0 mace.
The orc priest hits the orc warrior but does no damage.
The orc warrior hits the orc with a +0 halberd!!
The orc dies!
The orc hits you but does no damage.
You hit the orc. You burn the orc.
You kill the orc!
The orc priest misses the orc warrior.
The orc warrior hits the orc priest with a +0 halberd!
The orc priest dies!
Unknown command.
The orc warrior hits you from afar with a +0 halberd!
The orc warrior closely misses you. The orc warrior misses you.
The orc warrior completely misses you.
There is an escape hatch in the ceiling here.
The orc warrior hits you from afar with a +0 halberd!!
* * * LOW HITPOINT WARNING * * *
The orc warrior hits you from afar with a +0 halberd!!
You die...

#>..# #...# ..
#####...####### #.#####
..............###.......
..........).........#..
..............###..#.#
..
#.###...####.........#
.. #.# #...# ##.##....#
.# #.# #...#
#.##@...###)# #.# #...#
#........... ..# #...#
####o#####.# #####...###
#.#####.####)#### #
#.......#
#.<........().... #
#.##.##.#
######...)##.####
.##.##.##.#### #..#.#
#........[...####
#.###..
.##.).##........# #..
##.#


You could see a neutral orc warrior (fast, strong, insane, poisoned).

Vanquished Creatures
  A black bear (D:4)
  A centaur (D:4)
  A scorpion (D:3)
  A jelly (D:4)
  Natasha (D:4)
  Terence (D:3)
  5 adders
  A worm (D:2)
  3 dart slugs (D:2)
  2 orcs
  2 ball pythons
  9 endoplasms
  6 giant cockroaches
  10 goblins
  5 hobgoblins
  4 jackals (D:3)
  8 kobolds
  A quokka (D:2)
  8 bats
  3 frilled lizards (D:1)
  9 rats
82 creatures vanquished.

Vanquished Creatures (collateral kills)
  An orc priest (D:4)
  An orc (D:4)
2 creatures vanquished.

Grand Total: 84 creatures vanquished

Notes
Turn   | Place    | Note
-------+----------+-------------------------------------------
     0 | D:1      | Ablot the Gnoll Chaos Knight began the quest for the Orb.
     0 | D:1      | Reached XP level 1. HP: 23/23 MP: 1/1
     6 | D:1      | Found Lenk's Jewellery Shoppe.
    14 | D:1      | XOM: silly message
    15 | D:1      | XOM: divination: detect creatures
   175 | D:1      | Reached XP level 2. HP: 29/29 MP: 2/2
   555 | D:2      | Reached XP level 3. HP: 35/35 MP: 3/3
   607 | D:2      | Reached skill level 1 in Invocations
   790 | D:2      | XOM: 1-stop teleportation journey
   812 | D:2      | Reached skill level 1 in Long Blades
   812 | D:2      | Reached skill level 1 in Axes
   812 | D:2      | Reached skill level 1 in Maces & Flails
   812 | D:2      | Reached skill level 1 in Polearms
   812 | D:2      | Reached skill level 1 in Staves
   812 | D:2      | Reached skill level 1 in Slings
   812 | D:2      | Reached skill level 1 in Bows
   812 | D:2      | Reached skill level 1 in Crossbows
   812 | D:2      | Reached skill level 1 in Throwing
   812 | D:2      | Reached skill level 1 in Stealth
   812 | D:2      | Reached skill level 1 in Shields
   812 | D:2      | Reached skill level 1 in Unarmed Combat
   812 | D:2      | Reached skill level 1 in Spellcasting
   812 | D:2      | Reached skill level 1 in Evocations
   816 | D:2      | XOM: god gift: wand of polymorph (4)
  1105 | D:2      | HP: 1/35 [poisoned by an adder]
  1115 | D:2      | Reached XP level 4. HP: 6/41 MP: 5/5
  1509 | D:2      | XOM: give mutation
  1509 | D:2      | Gained mutation: You possess an exceptional clarity of
                  | mind. [Xom's grace]
  1551 | D:2      | Reached skill level 1 in Conjurations
  1551 | D:2      | Reached skill level 1 in Hexes
  1551 | D:2      | Reached skill level 1 in Summonings
  1551 | D:2      | Reached skill level 1 in Necromancy
  1551 | D:2      | Reached skill level 1 in Translocations
  1551 | D:2      | Reached skill level 1 in Transmutations
  1551 | D:2      | Reached skill level 1 in Fire Magic
  1551 | D:2      | Reached skill level 1 in Ice Magic
  1551 | D:2      | Reached skill level 1 in Air Magic
  1551 | D:2      | Reached skill level 1 in Earth Magic
  1551 | D:2      | Reached skill level 1 in Poison Magic
  1561 | D:2      | XOM: butterfly on damage
  1855 | D:2      | Noticed an eye of devastation
  1857 | D:2      | Found a faded altar of an unknown god.
  1859 | D:2      | Noticed a great orb of eyes
  1859 | D:2      | Noticed an eye of devastation
  1859 | D:2      | Noticed a floating eye
  1981 | D:3      | XOM: stealth player
  2077 | D:3      | XOM: summons 3 hostile shadow creatures
  2246 | D:3      | XOM: god gift: 20 stones
  2260 | D:3      | XOM: scenery: summon butterflies
  2459 | D:3      | Noticed a scorpion
  2464 | D:3      | XOM: smoke on damage
  2477 | D:3      | Killed a scorpion
  2478 | D:3      | Reached XP level 5. HP: 10/47 MP: 5/7
  2650 | D:3      | XOM: 1-stop teleportation journey
  2759 | D:3      | XOM: give mutations
  2759 | D:3      | Gained mutation: You are robust. (+10% HP) [Xom's grace]
  2759 | D:3      | Gained mutation: Your spells are a little harder to cast,
                  | but a little more powerful. [Xom's grace]
  2953 | D:3      | Noticed Terence
  2963 | D:3      | Killed Terence
  3114 | D:4      | XOM: give mutations
  3114 | D:4      | Gained mutation: Your spells are harder to cast, but more
                  | powerful. [Xom's grace]
  3114 | D:4      | Gained mutation: You are partially covered in iridescent
                  | scales. (AC +2) [Xom's grace]
  3114 | D:4      | Gained mutation: Your flesh is cold resistant. (rC+) [Xom's
                  | grace]
  3125 | D:4      | Noticed a centaur
  3134 | D:4      | Killed a centaur
  3135 | D:4      | Reached XP level 6. HP: 44/58 MP: 8/8
  3173 | D:4      | XOM: give mutations
  3173 | D:4      | Gained mutation: Your spells are much harder to cast, but
                  | much more powerful. [Xom's grace]
  3173 | D:4      | Gained mutation: Your flesh is very cold resistant. (rC++)
                  | [Xom's grace]
  3173 | D:4      | Gained mutation: You are very robust. (+20% HP) [Xom's
                  | grace]
  3205 | D:4      | Reached skill level 5 in Armour
  3310 | D:4      | XOM: god gift: 27 bolts
  3318 | D:4      | Noticed a black bear
  3333 | D:4      | Killed a black bear
  3337 | D:4      | XOM: potion effect (haste)
  3362 | D:4      | Noticed Pikel
  3378 | D:4      | Noticed Pikel
  3378 | D:4      | Pikel changed into Pikel the jelly
  3378 | D:4      | XOM: polymorph Pikel -> Pikel the jelly
  3382 | D:4      | Killed Pikel the jelly
  3659 | D:4      | Identified the +6 rapier "Demire" {vorpal, *Corrode Int+3}
  3659 | D:4      | Noticed Natasha
  3665 | D:4      | Killed Natasha
  3666 | D:4      | Reached XP level 7. HP: 70/70 MP: 10/10
  3783 | D:4      | XOM: cast spell 'Discord'
  3795 | D:4      | Slain by an orc warrior

Illustrated notes

Levels and vault maps discovered:
D:1:      dpeg_arrival_tiny_d, layout_rooms, serial_shops, shop
D:2:      layout_rooms, serial_aquarium, aquarium_bridge_square
          [aquarium_subvault_bridge, aquarium_subvault_window,
          aquarium_subvault_bridge, aquarium_subvault_wall], aquarium_window_2,
          aquarium_window_fake, aquarium_window_1, aquarium_window_corridor_3,
          aquarium_view_2d, aquarium_view_2c, aquarium_balcony_1a,
          hellmonk_ecumenical_altar_watching_god, hangedman_feature_mirror,
          nrook_loot_triangle, minmay_tall_x
D:3:      layout_basic, serial_glass, glass_columns_a, glass_columns_c,
          uniq_terence
D:4:      layout_loops_cross, lemuel_temple_firewalk_b, minmay_misc_feat_chi,
          nrook_mini_vaults, uniq_pikel, uniq_natasha

Skill      XL: |  1  2  3  4  5  6 |
---------------+-------------------+-----
Invocations    | 1 2 |  2.5
Long Blades    | 1 2 |  2.2
Axes           | 1 2 |  2.2
Maces & Flails | 1 2 |  2.2
Polearms       | 1 2 |  2.2
Staves         | 1 2 |  2.2
Slings         | 1 2 |  2.2
Bows           | 1 2 |  2.2
Crossbows      | 1 2 |  2.2
Throwing       | 1 2 |  2.2
Stealth        | 1 2 |  2.2
Shields        | 1 2 |  2.2
Unarmed Combat | 1 2 |  2.2
Spellcasting   | 1 2 |  2.2
Evocations     | 1 2 |  2.2
Conjurations   | 1 |  1.8
Hexes          | 1 |  1.8
Summonings     | 1 |  1.8
Necromancy     | 1 |  1.8
Translocations | 1 |  1.8
Transmutations | 1 |  1.8
Fire Magic     | 1 |  1.8
Ice Magic      | 1 |  1.8
Air Magic      | 1 |  1.8
Earth Magic    | 1 |  1.8
Poison Magic   | 1 |  1.8
Dodging        | 3 |  3.4
Armour         | 5 |  5.1
Fighting       | |  6.9
Short Blades   | |  6.9

Action                   |  1- 3 |  4- 6 |  7- 9 || total
-------------------------+-------+-------+-------++-------
Melee: Short sword       |   153 |   178 |     6 ||   337
       Bite              |     8 |    14 |     1 ||    23
       Punch             |       |     2 |       ||     2
Throw: Dart              |       |    16 |     3 ||    19
  Use: Potion            |     2 |       |       ||     2
       Scroll            |       |       |     1 ||     1
 Stab: Sleeping          |       |     3 |     1 ||     4
       Paralysed         |       |     4 |       ||     4
       Confused          |       |     1 |       ||     1
Armor: Leather armour    |    51 |    45 |       ||    96
       Robe              |       |     2 |     1 ||     3
Dodge: Dodged            |    83 |    80 |     7 ||   170
